[ AOE2 MATCH · #477172900 ]
UnrankedDravidians vs Hindustanis
Player's team · LOSS
[ REPLAY ANALYSIS · EXTRACTED FROM THE RECORDED GAME ]
Feudal
11:58
Castle
25:21
Imperial
39:32
| APM avg | 43.2 |
| APM peak | 75 |
| eAPM avg | 18.8 |
| Villagers / military | 196 / 141 |
Focus
⚔️ 36.1% · 🌾 63.9%
Elephant Archer ×90 · Archer ×38 · Trebuchet (Packed) ×8 · Militia ×3 · Mangonel ×2
Feudal
14:07
Castle
18:27
Imperial
41:26
| APM avg | 40.9 |
| APM peak | 82 |
| eAPM avg | 21.7 |
| Villagers / military | 121 / 6 |
Focus
⚔️ 48.0% · 🌾 52.0%
Unknown (1944) ×195 · Unknown (1949) ×26 · Scout Cavalry ×5 · Monk ×1
Feudal
12:36
Castle
20:58
Imperial
—
| APM avg | 26.5 |
| APM peak | 62 |
| eAPM avg | 11.9 |
| Villagers / military | 135 / 40 |
Focus
⚔️ 17.4% · 🌾 82.6%
Ghulam ×28 · Mangonel ×6 · Camel Scout ×3 · Scorpion ×2 · Armored Elephant ×1
Feudal
13:34
Castle
17:35
Imperial
37:45
| APM avg | 40.4 |
| APM peak | 85 |
| eAPM avg | 23.5 |
| Villagers / military | 212 / 379 |
Focus
⚔️ 25.0% · 🌾 75.0%
Woad Raider ×376 · Mangonel ×3
Feudal
11:43
Castle
22:42
Imperial
48:15
| APM avg | 29.3 |
| APM peak | 53 |
| eAPM avg | 17.0 |
| Villagers / military | 165 / 69 |
Focus
⚔️ 31.4% · 🌾 68.6%
Camel Archer ×45 · Knight ×9 · Archer ×5 · Trebuchet (Packed) ×4 · Monk ×3 · Militia ×3
Feudal
12:04
Castle
24:48
Imperial
—
| APM avg | 40.1 |
| APM peak | 75 |
| eAPM avg | 20.4 |
| Villagers / military | 143 / 117 |
Focus
⚔️ 31.8% · 🌾 68.2%
Spearman ×61 · Arambai ×50 · Scout Cavalry ×6
Feudal
20:22
Castle
37:02
Imperial
—
| APM avg | 18.6 |
| APM peak | 156 |
| eAPM avg | 12.6 |
| Villagers / military | 105 / 52 |
Focus
⚔️ 27.6% · 🌾 72.4%
Skirmisher ×50 · Unknown (2550) ×23 · Unknown (2562) ×15 · Unknown (2586) ×3 · Monk ×1 · Mangonel ×1
Feudal
13:14
Castle
20:33
Imperial
34:28
| APM avg | 49.6 |
| APM peak | 105 |
| eAPM avg | 29.6 |
| Villagers / military | 256 / 327 |
Focus
⚔️ 43.9% · 🌾 56.1%
Scout Cavalry ×141 · Konnik ×117 · Fishing Ship ×58 · Scorpion ×36 · Mangonel ×26 · Monk ×2
Match map
Initial resources + every placement click. Lines = walls · curves = elevation contours. ◆ gold · ⬟ stone · ● berries · ✦ relic · ◌ wall gap
Your base· Open — 3t gap
Que Me Importa Mi Equipo's base· Open — unwalled flank
NPG | Kraxher's base· Open — unwalled flank
NPG | Joako's base· Open — 10t gap
HR Fast_PIG's base· Open — unwalled flank
MAPU | 只有TG's base· Open — unwalled flank
NPG | DirTys's base· Open — 10t gap
HR AboKeiTo's base· Open — unwalled flank
Smoothed initial terrain · ◌ = detected wall gap · hover for details
Inputs per minute
— NPG | Bandio - - Que Me Importa Mi Equipo
Build order — NPG | Bandio
First 150 of 563 actions detected
| 0:11 | Build | Town Center |
| 0:19 | Build | House |
| 2:13 | Build | House |
| 2:33 | Create | Villager (Male) |
| 2:34 | Create | Villager (Male) |
| 2:35 | Create | Villager (Male) |
| 2:35 | Create | Villager (Male) |
| 3:40 | Research | Loom |
| 3:40 | Create | Villager (Male) |
| 4:05 | Create | Villager (Male) |
| 4:31 | Build | House |
| 4:55 | Create | Villager (Male) |
| 4:55 | Create | Villager (Male) |
| 4:57 | Build | Lumber Camp |
| 5:13 | Create | Villager (Male) |
| 5:42 | Create | Villager (Male) |
| 6:31 | Create | Villager (Male) |
| 6:52 | Create | Villager (Male) |
| 7:00 | Build | House |
| 7:11 | Create | Villager (Male) |
| 7:17 | Build | House |
| 7:39 | Build | House |
| 7:52 | Create | Villager (Male) |
| 8:11 | Create | Villager (Male) |
| 8:40 | Create | Villager (Male) |
| 8:59 | Create | Villager (Male) |
| 9:11 | Build | Barracks |
| 9:48 | Research | Feudal Age |
| 10:07 | Create | Militia |
| 10:15 | Build | House |
| 10:28 | Create | Militia |
| 10:48 | Build | House |
| 10:50 | Build | Palisade Wall |
| 11:00 | Create | Militia |
| 11:15 | Build | Mining Camp |
| 11:40 | Build | Palisade Wall |
| 11:43 | Build | Palisade Wall |
| 11:49 | Create | Villager (Male) |
| 11:58 | Age | Feudal Age |
| 12:08 | Research | Man-at-Arms (upgrade) |
| 12:17 | Build | Archery Range |
| 12:26 | Create | Villager (Male) |
| 12:27 | Create | Villager (Male) |
| 12:47 | Build | Archery Range |
| 13:15 | Create | Villager (Male) |
| 13:17 | Create | Archer |
| 13:31 | Create | Villager (Male) |
| 13:44 | Build | Blacksmith |
| 13:45 | Create | Archer |
| 13:48 | Create | Villager (Male) |
| 14:11 | Build | Watch Tower |
| 14:20 | Create | Archer |
| 14:23 | Build | House |
| 14:35 | Create | Villager (Male) |
| 14:41 | Create | Villager (Male) |
| 15:00 | Build | House |
| 15:32 | Create | Villager (Male) |
| 15:32 | Create | Villager (Male) |
| 15:41 | Create | Archer |
| 15:42 | Create | Archer |
| 15:46 | Build | House |
| 15:52 | Build | House |
| 16:12 | Create | Villager (Male) |
| 16:28 | Research | Fletching |
| 16:32 | Build | Mill |
| 16:47 | Create | Villager (Male) |
| 16:58 | Create | Archer |
| 16:59 | Create | Archer |
| 17:14 | Create | Villager (Male) |
| 17:17 | Build | Farm |
| 17:18 | Build | Farm |
| 17:19 | Build | Farm |
| 17:32 | Build | House |
| 17:43 | Create | Archer |
| 17:45 | Create | Archer |
| 17:46 | Create | Villager (Male) |
| 17:49 | Build | Farm |
| 18:12 | Build | House |
| 18:24 | Create | Villager (Male) |
| 18:26 | Create | Villager (Male) |
| 18:31 | Create | Archer |
| 18:32 | Create | Archer |
| 18:46 | Create | Villager (Male) |
| 18:57 | Build | Mining Camp |
| 19:18 | Create | Villager (Male) |
| 19:20 | Build | Farm |
| 19:23 | Build | Farm |
| 19:26 | Create | Villager (Male) |
| 19:45 | Research | Double-Bit Axe |
| 19:57 | Create | Villager (Male) |
| 20:09 | Create | Archer |
| 20:10 | Create | Archer |
| 20:22 | Build | Farm |
| 20:27 | Create | Villager (Male) |
| 20:52 | Create | Villager (Male) |
| 20:55 | Build | Mill |
| 21:26 | Create | Villager (Male) |
| 21:51 | Build | Market |
| 22:01 | Create | Villager (Male) |
| 22:30 | Build | House |
| 22:31 | Build | House |
| 22:41 | Research | Castle Age |
| 22:47 | Build | Farm |
| 22:49 | Build | Farm |
| 22:54 | Create | Archer |
| 22:56 | Create | Archer |
| 23:09 | Build | House |
| 23:38 | Create | Archer |
| 23:39 | Create | Archer |
| 23:41 | Research | Padded Archer Armor |
| 23:53 | Create | Villager (Male) |
| 23:58 | Create | Archer |
| 24:00 | Create | Archer |
| 24:08 | Build | House |
| 24:45 | Research | Gold Mining |
| 25:05 | Create | Archer |
| 25:06 | Create | Archer |
| 25:07 | Create | Archer |
| 25:11 | Create | Archer |
| 25:21 | Age | Castle Age |
| 25:37 | Build | Siege Workshop |
| 25:41 | Research | Bodkin Arrow |
| 25:44 | Research | Crossbowman (upgrade) |
| 25:50 | Create | Archer |
| 25:55 | Create | Villager (Male) |
| 25:56 | Create | Villager (Male) |
| 25:56 | Create | Villager (Male) |
| 26:01 | Build | Town Center |
| 26:05 | Create | Villager (Male) |
| 26:13 | Create | Archer |
| 26:17 | Create | Archer |
| 26:29 | Create | Mangonel |
| 26:45 | Create | Villager (Male) |
| 27:00 | Create | Villager (Male) |
| 27:01 | Create | Villager (Male) |
| 27:04 | Build | Farm |
| 27:05 | Build | Farm |
| 27:23 | Build | House |
| 28:26 | Build | Farm |
| 28:29 | Build | Farm |
| 28:30 | Build | Farm |
| 28:30 | Build | Farm |
| 28:33 | Create | Villager (Male) |
| 28:33 | Create | Villager (Male) |
| 28:35 | Build | Farm |
| 28:36 | Build | Farm |
| 28:36 | Build | Farm |
| 28:37 | Build | Farm |
| 28:37 | Build | Farm |
| 28:38 | Build | Farm |
Build order — Que Me Importa Mi Equipo
First 150 of 424 actions detected
| 0:48 | Build | Town Center |
| 3:05 | Build | House |
| 3:06 | Create | Villager (Male) ×4 |
| 3:57 | Create | Villager (Male) |
| 4:05 | Build | House |
| 4:20 | Build | House |
| 4:39 | Build | House |
| 4:47 | Create | Villager (Male) |
| 5:12 | Create | Villager (Male) |
| 5:13 | Build | House |
| 5:36 | Create | Villager (Male) |
| 5:44 | Build | Lumber Camp |
| 5:54 | Create | Villager (Male) |
| 6:10 | Create | Villager (Male) |
| 6:25 | Create | Villager (Male) |
| 6:45 | Create | Villager (Male) |
| 7:07 | Build | House |
| 7:26 | Build | House |
| 7:47 | Build | House |
| 8:01 | Build | House |
| 8:10 | Create | Villager (Male) |
| 8:11 | Create | Villager (Male) |
| 8:12 | Create | Villager (Male) |
| 8:14 | Build | Mill |
| 8:33 | Create | Villager (Male) |
| 9:23 | Create | Villager (Male) |
| 9:53 | Build | House |
| 10:07 | Build | House |
| 10:17 | Create | Villager (Male) |
| 10:17 | Create | Villager (Male) |
| 10:20 | Build | House |
| 11:02 | Create | Villager (Male) |
| 11:02 | Research | Loom |
| 11:02 | Research | Feudal Age |
| 11:38 | Build | Mining Camp |
| 12:54 | Build | House |
| 12:55 | Build | House |
| 13:55 | Create | Villager (Male) |
| 13:55 | Create | Villager (Male) |
| 14:07 | Age | Feudal Age |
| 14:08 | Build | Market |
| 14:10 | Build | Blacksmith |
| 14:11 | Create | Villager (Male) |
| 14:24 | Research | Double-Bit Axe |
| 14:30 | Create | Villager (Male) |
| 14:50 | Build | Mining Camp |
| 15:02 | Create | Villager (Male) |
| 15:21 | Research | Castle Age |
| 15:48 | Build | Palisade Wall |
| 16:20 | Build | Mill |
| 16:53 | Build | Palisade Wall |
| 17:26 | Build | Farm |
| 17:32 | Build | Farm |
| 17:39 | Build | Farm |
| 18:19 | Create | Villager (Male) |
| 18:27 | Age | Castle Age |
| 18:30 | Build | Castle |
| 18:55 | Create | Villager (Male) |
| 18:55 | Create | Villager (Male) |
| 19:10 | Create | Villager (Male) |
| 19:25 | Build | Farm |
| 19:31 | Build | Farm |
| 19:34 | Build | Farm |
| 19:53 | Create | Villager (Male) |
| 19:55 | Create | Unit 1949 ×3 |
| 20:04 | Build | Town Center |
| 20:09 | Create | Villager (Male) |
| 20:25 | Create | Unit 1949 |
| 20:30 | Create | Villager (Male) |
| 20:33 | Build | Farm |
| 21:05 | Create | Unit 1949 |
| 21:09 | Build | Farm |
| 21:11 | Create | Villager (Male) |
| 21:30 | Create | Villager (Male) ×5 |
| 21:50 | Create | Unit 1949 |
| 21:50 | Create | Unit 1949 |
| 22:03 | Build | Mill |
| 22:10 | Build | Farm |
| 22:16 | Create | Unit 1949 |
| 22:21 | Create | Villager (Male) ×2 |
| 22:38 | Research | Scale Barding Armor |
| 22:45 | Build | Farm |
| 22:46 | Build | Farm |
| 22:47 | Build | Farm |
| 23:21 | Create | Unit 1949 |
| 23:33 | Build | Farm |
| 23:35 | Build | Farm |
| 23:35 | Create | Villager (Male) |
| 23:39 | Build | Farm |
| 23:40 | Build | Farm |
| 23:43 | Create | Unit 1949 |
| 23:57 | Create | Unit 1949 |
| 23:57 | Create | Unit 1949 |
| 23:57 | Create | Unit 1949 |
| 24:27 | Create | Villager (Male) |
| 24:28 | Create | Villager (Male) |
| 24:33 | Build | Farm |
| 24:35 | Build | Farm |
| 24:39 | Build | Farm |
| 24:42 | Build | Farm |
| 24:56 | Build | Farm |
| 24:57 | Build | Farm |
| 24:58 | Create | Villager (Male) |
| 24:59 | Create | Villager (Male) |
| 25:19 | Create | Villager (Male) |
| 25:19 | Create | Villager (Male) |
| 25:23 | Build | Monastery |
| 25:34 | Create | Villager (Male) |
| 25:34 | Create | Villager (Male) |
| 25:35 | Create | Unit 1949 |
| 25:36 | Create | Unit 1949 |
| 25:36 | Create | Unit 1949 |
| 25:40 | Build | House |
| 25:42 | Build | House |
| 25:42 | Build | House |
| 25:47 | Build | Farm |
| 26:07 | Research | Chain Barding Armor |
| 26:11 | Create | Monk |
| 26:21 | Create | Unit 1949 |
| 26:33 | Create | Villager (Male) |
| 26:33 | Create | Villager (Male) |
| 26:55 | Create | Unit 1949 |
| 27:18 | Create | Unit 1949 ×2 |
| 27:19 | Create | Villager (Male) ×4 |
| 27:46 | Build | Lumber Camp |
| 27:54 | Research | Forging |
| 27:54 | Research | Forging |
| 27:56 | Build | Farm |
| 27:57 | Build | Farm |
| 27:58 | Build | Farm |
| 27:58 | Create | Villager (Male) |
| 28:43 | Create | Villager (Male) |
| 28:43 | Create | Villager (Male) |
| 28:45 | Build | Farm |
| 28:46 | Build | Farm |
| 28:47 | Build | Farm |
| 28:47 | Build | Farm |
| 28:49 | Build | House |
| 28:50 | Build | House |
| 28:50 | Build | House |
| 28:50 | Build | House |
| 28:51 | Build | House |
| 28:51 | Build | House |
| 28:51 | Build | House |
| 29:02 | Research | Iron Casting |
| 29:02 | Research | Iron Casting |
| 29:07 | Build | Barracks |
| 29:13 | Build | Mining Camp |
| 29:15 | Create | Villager (Male) |
| 29:16 | Create | Villager (Male) |
Build order — NPG | Kraxher
First 150 of 349 actions detected
| 0:31 | Build | Town Center |
| 1:01 | Build | House |
| 2:37 | Create | Villager (Male) ×4 |
| 3:58 | Create | Villager (Male) |
| 3:59 | Create | Villager (Male) |
| 4:38 | Create | Villager (Male) |
| 4:39 | Create | Villager (Male) |
| 4:41 | Build | House |
| 4:51 | Build | Lumber Camp |
| 5:04 | Create | Villager (Male) |
| 5:29 | Create | Villager (Male) |
| 5:43 | Create | Villager (Male) |
| 6:07 | Create | Villager (Male) |
| 6:40 | Create | Villager (Male) |
| 6:40 | Create | Villager (Male) |
| 6:42 | Build | House |
| 7:01 | Create | Villager (Male) |
| 7:03 | Research | Loom |
| 8:03 | Create | Villager (Male) |
| 8:04 | Create | Villager (Male) |
| 8:20 | Build | Mill |
| 8:54 | Create | Villager (Male) |
| 9:00 | Build | House |
| 9:22 | Create | Villager (Male) |
| 9:48 | Create | Villager (Male) |
| 10:16 | Build | Mill |
| 10:26 | Research | Feudal Age |
| 11:21 | Build | Barracks |
| 11:24 | Build | House |
| 12:24 | Build | Palisade Gate |
| 12:36 | Age | Feudal Age |
| 13:00 | Build | House |
| 13:14 | Build | House |
| 13:23 | Create | Villager (Male) |
| 13:23 | Create | Villager (Male) |
| 13:24 | Create | Villager (Male) |
| 13:45 | Build | House |
| 13:51 | Build | Farm |
| 13:53 | Build | Farm |
| 14:01 | Build | Farm |
| 14:04 | Build | Farm |
| 14:09 | Create | Villager (Male) |
| 14:21 | Build | Watch Tower |
| 15:37 | Create | Villager (Male) |
| 15:38 | Create | Villager (Male) |
| 16:26 | Build | Stable |
| 17:26 | Create | Villager (Male) |
| 17:54 | Build | Blacksmith |
| 18:18 | Research | Castle Age |
| 20:58 | Age | Castle Age |
| 21:04 | Build | Siege Workshop |
| 21:09 | Create | Camel Scout |
| 21:09 | Create | Camel Scout |
| 21:09 | Create | Camel Scout |
| 21:18 | Create | Villager (Male) |
| 21:34 | Build | Market |
| 21:38 | Create | Mangonel |
| 23:22 | Build | Town Center |
| 23:43 | Build | Farm |
| 23:43 | Build | Farm |
| 23:44 | Build | Farm |
| 23:44 | Build | Farm |
| 23:44 | Build | Farm |
| 23:47 | Create | Villager (Male) |
| 24:17 | Create | Armored Elephant |
| 24:40 | Create | Villager (Male) |
| 25:04 | Create | Villager (Male) |
| 25:24 | Create | Villager (Male) |
| 25:38 | Create | Mangonel |
| 25:41 | Create | Villager (Male) |
| 25:43 | Create | Villager (Male) |
| 26:07 | Create | Villager (Male) |
| 26:36 | Create | Villager (Male) |
| 26:46 | Build | Farm |
| 26:47 | Build | Farm |
| 26:47 | Build | Farm |
| 26:47 | Build | Farm |
| 27:03 | Create | Mangonel |
| 27:21 | Create | Villager (Male) |
| 27:22 | Create | Villager (Male) |
| 27:24 | Create | Villager (Male) |
| 27:47 | Create | Villager (Male) |
| 27:48 | Create | Villager (Male) |
| 28:24 | Create | Villager (Male) |
| 28:25 | Create | Villager (Male) |
| 28:38 | Create | Villager (Male) |
| 28:56 | Build | Castle |
| 29:18 | Research | Fletching |
| 29:22 | Create | Mangonel |
| 29:40 | Build | Town Center |
| 29:48 | Create | Villager (Male) |
| 30:12 | Build | Castle |
| 31:22 | Create | Villager (Male) |
| 31:30 | Build | Farm |
| 31:30 | Build | Farm |
| 31:31 | Build | Farm |
| 31:31 | Build | Farm |
| 31:31 | Build | Farm |
| 32:00 | Build | Farm |
| 32:00 | Build | Farm |
| 32:14 | Create | Villager (Male) |
| 32:17 | Build | Farm |
| 32:23 | Create | Ghulam |
| 32:23 | Create | Ghulam |
| 32:28 | Build | Farm |
| 32:34 | Create | Villager (Male) |
| 32:44 | Build | Farm |
| 32:45 | Build | Farm |
| 32:45 | Build | Farm |
| 33:00 | Create | Villager (Male) |
| 33:03 | Create | Villager (Male) |
| 33:34 | Create | Villager (Male) |
| 33:36 | Build | Farm |
| 33:43 | Create | Ghulam |
| 33:44 | Create | Villager (Male) |
| 33:45 | Create | Villager (Male) |
| 33:47 | Create | Villager (Male) |
| 33:54 | Build | Farm |
| 33:54 | Build | Farm |
| 33:55 | Build | Farm |
| 33:55 | Build | Farm |
| 33:57 | Create | Villager (Male) |
| 34:21 | Create | Villager (Male) |
| 34:21 | Create | Villager (Male) |
| 34:23 | Create | Ghulam |
| 34:26 | Create | Ghulam |
| 34:34 | Create | Mangonel |
| 34:54 | Create | Villager (Male) |
| 35:06 | Create | Ghulam |
| 35:06 | Create | Ghulam |
| 35:18 | Create | Ghulam |
| 35:41 | Create | Ghulam |
| 35:41 | Create | Ghulam |
| 35:53 | Create | Villager (Male) |
| 36:03 | Build | Town Center |
| 36:17 | Create | Ghulam |
| 36:18 | Create | Ghulam |
| 36:32 | Build | Farm |
| 36:32 | Build | Farm |
| 36:32 | Build | Farm |
| 36:33 | Build | Farm |
| 36:33 | Build | Farm |
| 36:50 | Create | Villager (Male) |
| 36:54 | Create | Villager (Male) |
| 37:15 | Create | Villager (Male) |
| 37:19 | Build | Farm |
| 37:19 | Build | Farm |
| 37:20 | Build | Farm |
| 37:20 | Build | Farm |
| 37:20 | Build | Farm |
Build order — NPG | Joako
First 150 of 494 actions detected
| 0:26 | Build | Town Center |
| 3:03 | Create | Villager (Male) |
| 3:03 | Create | Villager (Male) |
| 3:04 | Create | Villager (Male) |
| 3:04 | Create | Villager (Male) |
| 3:05 | Build | House |
| 4:40 | Create | Villager (Male) |
| 4:40 | Create | Villager (Male) |
| 4:40 | Create | Villager (Male) |
| 5:10 | Build | House |
| 5:24 | Create | Villager (Male) |
| 5:25 | Create | Villager (Male) |
| 5:41 | Build | Lumber Camp |
| 5:51 | Create | Villager (Male) |
| 6:18 | Create | Villager (Male) |
| 6:19 | Create | Villager (Male) |
| 6:41 | Create | Villager (Male) |
| 6:51 | Build | House |
| 7:12 | Create | Villager (Male) |
| 7:16 | Build | House |
| 7:25 | Create | Villager (Male) |
| 7:55 | Create | Villager (Male) |
| 8:47 | Build | Mill |
| 9:03 | Build | House |
| 9:15 | Create | Villager (Male) |
| 9:28 | Build | House |
| 9:36 | Create | Villager (Male) |
| 9:53 | Build | House |
| 9:58 | Create | Villager (Male) |
| 10:24 | Create | Villager (Male) |
| 10:32 | Create | Villager (Male) |
| 10:38 | Build | Mining Camp |
| 11:00 | Research | Feudal Age |
| 12:17 | Build | House |
| 12:19 | Build | Palisade Wall |
| 12:42 | Research | Loom |
| 12:43 | Create | Villager (Male) |
| 12:45 | Create | Villager (Male) |
| 13:34 | Age | Feudal Age |
| 13:40 | Build | Market |
| 13:43 | Build | Blacksmith |
| 14:48 | Build | Palisade Wall |
| 14:55 | Research | Castle Age |
| 15:05 | Research | Double-Bit Axe |
| 15:31 | Build | Farm |
| 15:32 | Build | House |
| 15:36 | Build | Farm |
| 15:37 | Build | Farm |
| 15:37 | Build | Farm |
| 15:53 | Research | Horse Collar |
| 17:14 | Build | Farm |
| 17:15 | Build | Farm |
| 17:18 | Build | Farm |
| 17:35 | Age | Castle Age |
| 17:57 | Build | Castle |
| 17:58 | Create | Villager (Male) |
| 18:13 | Build | Mining Camp |
| 18:16 | Create | Villager (Male) |
| 18:24 | Build | Farm |
| 18:48 | Create | Villager (Male) |
| 18:50 | Build | Farm |
| 18:53 | Create | Woad Raider |
| 19:15 | Create | Villager (Male) |
| 19:17 | Build | Farm |
| 19:39 | Create | Woad Raider |
| 19:53 | Create | Villager (Male) |
| 19:58 | Build | Town Center |
| 20:10 | Create | Villager (Male) |
| 20:46 | Create | Woad Raider |
| 20:54 | Create | Villager (Male) |
| 20:59 | Build | Farm |
| 21:00 | Build | Farm |
| 21:02 | Build | Farm |
| 21:05 | Build | Farm |
| 21:15 | Create | Villager (Male) |
| 21:17 | Create | Villager (Male) |
| 21:25 | Build | Farm |
| 21:33 | Create | Villager (Male) |
| 21:36 | Create | Villager (Male) |
| 21:37 | Create | Villager (Male) |
| 21:47 | Build | House |
| 21:48 | Build | House |
| 21:51 | Create | Woad Raider |
| 22:01 | Create | Villager (Male) |
| 22:11 | Create | Woad Raider |
| 22:21 | Create | Villager (Male) |
| 22:28 | Create | Villager (Male) |
| 22:34 | Create | Villager (Male) |
| 23:02 | Create | Villager (Male) |
| 23:03 | Create | Villager (Male) |
| 23:06 | Build | Farm |
| 23:09 | Create | Woad Raider |
| 23:15 | Research | Scale Mail Armor |
| 23:31 | Create | Villager (Male) |
| 23:31 | Create | Villager (Male) |
| 23:41 | Build | Town Center |
| 23:48 | Create | Villager (Male) |
| 23:58 | Create | Villager (Male) |
| 24:01 | Create | Woad Raider |
| 24:33 | Create | Villager (Male) |
| 24:34 | Create | Villager (Male) |
| 24:36 | Create | Woad Raider |
| 24:38 | Create | Villager (Male) |
| 24:39 | Create | Villager (Male) |
| 24:44 | Build | Farm |
| 24:44 | Build | Farm |
| 24:44 | Build | Farm |
| 24:44 | Build | Farm |
| 24:44 | Build | Farm |
| 24:55 | Create | Villager (Male) |
| 24:56 | Create | Villager (Male) |
| 24:56 | Create | Villager (Male) |
| 25:38 | Create | Villager (Male) |
| 25:38 | Create | Villager (Male) |
| 25:38 | Create | Villager (Male) |
| 25:39 | Create | Villager (Male) |
| 25:46 | Create | Villager (Male) |
| 25:53 | Create | Villager (Male) |
| 25:53 | Create | Villager (Male) |
| 25:54 | Create | Woad Raider |
| 25:55 | Create | Woad Raider |
| 26:08 | Research | Wheelbarrow |
| 26:23 | Create | Villager (Male) |
| 26:27 | Build | House |
| 26:28 | Build | House |
| 27:05 | Create | Villager (Male) |
| 27:33 | Create | Villager (Male) |
| 27:33 | Create | Villager (Male) |
| 27:37 | Create | Villager (Male) |
| 27:39 | Create | Villager (Male) |
| 27:39 | Create | Woad Raider |
| 27:40 | Create | Woad Raider |
| 27:44 | Build | Barracks |
| 27:52 | Build | Town Center |
| 27:56 | Create | Villager (Male) |
| 27:59 | Research | Chain Mail Armor |
| 27:59 | Research | Forging |
| 28:13 | Create | Villager (Male) |
| 28:14 | Create | Villager (Male) |
| 28:42 | Create | Villager (Male) |
| 28:42 | Create | Villager (Male) |
| 28:43 | Create | Villager (Male) |
| 28:44 | Create | Woad Raider |
| 28:44 | Create | Woad Raider |
| 28:45 | Create | Woad Raider |
| 29:00 | Create | Villager (Male) |
| 29:00 | Create | Villager (Male) |
| 29:01 | Create | Villager (Male) |
| 29:03 | Build | Mining Camp |
| 29:13 | Create | Woad Raider |
Build order — HR Fast_PIG
First 150 of 452 actions detected
| 0:17 | Build | Town Center |
| 2:34 | Build | House |
| 2:45 | Build | House |
| 3:00 | Create | Villager (Male) ×4 |
| 3:04 | Build | House |
| 3:51 | Build | House |
| 4:18 | Create | Villager (Male) |
| 4:44 | Build | House |
| 4:55 | Create | Villager (Male) |
| 5:16 | Create | Villager (Male) |
| 5:34 | Create | Villager (Male) |
| 5:59 | Create | Villager (Male) |
| 6:03 | Build | Lumber Camp |
| 6:20 | Create | Villager (Male) |
| 6:21 | Build | House |
| 6:35 | Build | House |
| 6:54 | Create | Villager (Male) |
| 6:58 | Build | House |
| 7:17 | Create | Villager (Male) |
| 7:55 | Create | Villager (Male) |
| 7:56 | Build | House |
| 8:25 | Create | Villager (Male) |
| 8:38 | Build | Mill |
| 8:52 | Create | Villager (Male) |
| 9:33 | Research | Feudal Age |
| 10:25 | Create | Villager (Male) |
| 10:54 | Build | Mining Camp |
| 11:43 | Age | Feudal Age |
| 11:46 | Create | Villager (Male) |
| 11:46 | Create | Villager (Male) |
| 12:00 | Build | Barracks |
| 12:09 | Research | Double-Bit Axe |
| 12:09 | Research | Double-Bit Axe |
| 12:10 | Create | Villager (Male) |
| 12:18 | Build | Palisade Wall |
| 12:26 | Build | Palisade Wall |
| 12:41 | Create | Villager (Male) |
| 12:50 | Build | Palisade Wall |
| 12:54 | Build | Palisade Wall |
| 13:03 | Create | Militia |
| 13:03 | Create | Militia |
| 13:14 | Build | Palisade Gate |
| 13:30 | Research | Loom |
| 13:33 | Create | Villager (Male) |
| 13:37 | Build | House |
| 13:41 | Create | Militia |
| 14:23 | Research | Man-at-Arms (upgrade) |
| 14:54 | Create | Villager (Male) |
| 15:17 | Create | Villager (Male) |
| 15:25 | Build | Market |
| 15:29 | Build | Blacksmith |
| 15:37 | Create | Villager (Male) |
| 15:47 | Create | Villager (Male) |
| 16:04 | Create | Villager (Male) |
| 16:10 | Build | House |
| 16:23 | Build | House |
| 16:49 | Build | House |
| 17:16 | Create | Villager (Male) |
| 17:31 | Build | Farm |
| 17:33 | Build | Farm |
| 17:34 | Build | Farm |
| 17:35 | Create | Villager (Male) |
| 17:56 | Build | Archery Range |
| 18:02 | Create | Villager (Male) |
| 18:16 | Create | Villager (Male) |
| 18:29 | Create | Archer |
| 18:30 | Create | Archer |
| 18:33 | Create | Villager (Male) |
| 19:01 | Research | Fletching |
| 19:06 | Create | Villager (Male) |
| 19:18 | Create | Archer |
| 19:44 | Create | Archer |
| 20:02 | Research | Castle Age |
| 20:42 | Create | Archer |
| 20:52 | Build | Farm |
| 20:54 | Build | Farm |
| 21:29 | Research | Gold Mining |
| 22:12 | Build | Farm |
| 22:42 | Age | Castle Age |
| 22:46 | Create | Villager (Male) |
| 22:47 | Create | Villager (Male) |
| 22:50 | Create | Villager (Male) |
| 23:01 | Build | Town Center |
| 23:08 | Research | Bodkin Arrow |
| 23:22 | Create | Villager (Male) |
| 23:34 | Build | Monastery |
| 23:52 | Build | Town Center |
| 24:03 | Create | Villager (Male) |
| 24:23 | Create | Monk |
| 24:29 | Create | Villager (Male) |
| 24:41 | Create | Villager (Male) |
| 24:46 | Create | Villager (Male) |
| 24:59 | Build | Palisade Gate |
| 25:03 | Create | Villager (Male) |
| 25:13 | Build | House |
| 25:14 | Build | House |
| 25:16 | Build | House |
| 25:17 | Build | House |
| 25:26 | Create | Villager (Male) |
| 25:30 | Create | Monk |
| 25:33 | Build | Farm |
| 25:33 | Create | Villager (Male) |
| 25:34 | Create | Villager (Male) |
| 25:52 | Build | Palisade Gate |
| 25:53 | Create | Villager (Male) |
| 25:55 | Create | Villager (Male) |
| 26:05 | Build | Farm |
| 26:11 | Build | Farm |
| 26:11 | Build | Farm |
| 26:12 | Build | Farm |
| 26:12 | Build | Farm |
| 26:12 | Build | Farm |
| 26:13 | Create | Villager (Male) |
| 26:36 | Build | House |
| 26:57 | Create | Villager (Male) |
| 26:58 | Create | Villager (Male) |
| 27:11 | Build | House |
| 27:15 | Build | Farm |
| 27:17 | Build | Farm |
| 27:24 | Build | House |
| 27:27 | Create | Villager (Male) |
| 27:36 | Build | House |
| 27:38 | Build | House |
| 27:41 | Build | Stone Wall |
| 27:46 | Build | Stone Wall |
| 27:51 | Build | Stone Wall |
| 27:53 | Build | Stone Wall |
| 28:08 | Build | Stone Wall |
| 28:14 | Create | Villager (Male) |
| 28:16 | Create | Villager (Male) |
| 28:19 | Build | Farm |
| 28:20 | Build | Farm |
| 28:23 | Build | Farm |
| 28:24 | Build | Farm |
| 28:26 | Create | Villager (Male) |
| 28:38 | Create | Villager (Male) |
| 28:45 | Create | Villager (Male) |
| 28:50 | Create | Villager (Male) |
| 28:54 | Build | Siege Workshop |
| 28:57 | Build | Farm |
| 29:17 | Build | Lumber Camp |
| 29:22 | Create | Villager (Male) |
| 29:26 | Create | Villager (Male) |
| 29:32 | Build | Barracks |
| 29:41 | Create | Villager (Male) |
| 30:02 | Create | Villager (Male) |
| 30:03 | Create | Villager (Male) |
| 30:11 | Create | Villager (Male) |
| 30:17 | Build | Castle |
| 30:21 | Create | Villager (Male) |
Build order — MAPU | 只有TG
First 150 of 413 actions detected
| 0:18 | Build | Town Center |
| 2:35 | Create | Villager (Male) ×4 |
| 3:09 | Build | House |
| 3:14 | Research | Loom |
| 3:17 | Create | Villager (Male) ×2 |
| 3:53 | Create | Villager (Male) |
| 4:08 | Build | House |
| 4:18 | Build | House |
| 4:30 | Build | House |
| 4:40 | Build | House |
| 5:01 | Create | Villager (Male) |
| 5:01 | Create | Villager (Male) |
| 5:15 | Build | Lumber Camp |
| 5:28 | Create | Villager (Male) |
| 5:59 | Build | House |
| 6:19 | Create | Villager (Male) |
| 6:19 | Create | Villager (Male) |
| 6:19 | Create | Villager (Male) |
| 7:14 | Create | Villager (Male) |
| 7:26 | Create | Villager (Male) |
| 7:26 | Create | Villager (Male) |
| 7:38 | Build | Mill |
| 7:55 | Build | House |
| 8:33 | Create | Villager (Male) |
| 9:54 | Research | Feudal Age |
| 10:01 | Build | House |
| 10:44 | Build | Palisade Wall |
| 10:51 | Create | Villager (Male) |
| 11:08 | Build | Barracks |
| 12:04 | Age | Feudal Age |
| 12:14 | Build | Stable |
| 12:35 | Build | House |
| 12:41 | Build | House |
| 12:46 | Create | Villager (Male) |
| 12:47 | Create | Villager (Male) |
| 12:55 | Create | Scout Cavalry ×4 |
| 13:02 | Build | Blacksmith |
| 13:11 | Build | Farm |
| 13:31 | Build | Farm |
| 13:36 | Create | Villager (Male) |
| 13:42 | Build | Farm |
| 13:54 | Build | House |
| 14:02 | Build | Farm |
| 14:05 | Build | Farm |
| 14:15 | Build | House |
| 14:17 | Build | Palisade Wall |
| 14:18 | Build | Palisade Wall |
| 14:27 | Build | Palisade Gate |
| 14:29 | Build | Palisade Wall |
| 14:35 | Create | Villager (Male) |
| 14:47 | Build | Farm |
| 14:51 | Build | Farm |
| 14:54 | Create | Villager (Male) |
| 15:21 | Build | Farm |
| 15:22 | Build | Farm |
| 15:23 | Build | Farm |
| 15:26 | Build | Farm |
| 15:42 | Create | Scout Cavalry |
| 16:02 | Create | Villager (Male) |
| 16:02 | Create | Villager (Male) |
| 16:17 | Build | Farm |
| 16:18 | Build | Farm |
| 16:41 | Create | Villager (Male) |
| 16:45 | Build | Farm |
| 16:49 | Build | Farm |
| 17:04 | Create | Scout Cavalry |
| 17:10 | Build | Farm |
| 17:44 | Build | Outpost |
| 17:48 | Build | Farm |
| 17:53 | Create | Villager (Male) |
| 18:00 | Create | Villager (Male) |
| 18:06 | Build | Palisade Wall |
| 18:16 | Build | Outpost |
| 18:25 | Create | Villager (Male) |
| 18:35 | Build | Outpost |
| 18:41 | Build | Farm |
| 18:49 | Create | Villager (Male) |
| 18:49 | Research | Wheelbarrow |
| 19:01 | Build | Mining Camp |
| 19:02 | Create | Villager (Male) |
| 19:42 | Build | House |
| 19:44 | Build | Palisade Wall |
| 19:57 | Build | House |
| 19:59 | Build | Stone Wall |
| 19:59 | Build | Stone Wall |
| 20:02 | Build | Stone Wall |
| 20:05 | Build | Stone Wall |
| 20:14 | Create | Villager (Male) |
| 20:27 | Create | Villager (Male) |
| 20:47 | Create | Villager (Male) |
| 21:12 | Build | Market |
| 21:17 | Build | Palisade Wall |
| 21:31 | Create | Villager (Male) |
| 21:40 | Build | House |
| 21:45 | Build | House |
| 22:08 | Research | Castle Age |
| 23:01 | Build | House |
| 23:15 | Build | House |
| 23:18 | Build | House |
| 23:19 | Build | House |
| 23:46 | Build | Stone Wall |
| 23:50 | Build | Stone Wall |
| 23:53 | Build | Mining Camp |
| 23:59 | Build | Lumber Camp |
| 24:05 | Build | Stone Wall |
| 24:06 | Build | Stone Wall |
| 24:32 | Build | Farm |
| 24:48 | Age | Castle Age |
| 24:59 | Build | Farm |
| 25:25 | Build | Castle |
| 25:43 | Create | Villager (Male) |
| 26:19 | Create | Arambai |
| 26:20 | Create | Arambai |
| 26:35 | Build | Mining Camp |
| 26:56 | Build | Farm |
| 26:58 | Build | University |
| 27:02 | Build | House |
| 27:11 | Create | Villager (Male) |
| 27:12 | Create | Villager (Male) |
| 27:13 | Create | Villager (Male) |
| 27:20 | Research | Husbandry |
| 27:26 | Build | House |
| 27:31 | Build | House |
| 27:40 | Research | Gold Mining |
| 27:41 | Create | Arambai |
| 27:48 | Build | Farm |
| 27:50 | Create | Villager (Male) |
| 28:06 | Create | Villager (Male) |
| 28:13 | Build | House |
| 28:18 | Build | Farm |
| 28:21 | Build | Farm |
| 28:32 | Create | Arambai |
| 29:05 | Create | Arambai |
| 29:12 | Create | Villager (Male) |
| 29:18 | Create | Arambai |
| 29:28 | Create | Villager (Male) |
| 29:41 | Create | Villager (Male) |
| 29:42 | Create | Villager (Male) |
| 30:51 | Create | Arambai |
| 30:53 | Create | Villager (Male) |
| 30:56 | Build | House |
| 30:59 | Build | House |
| 31:03 | Build | House |
| 31:17 | Create | Arambai |
| 31:18 | Create | Arambai |
| 31:32 | Create | Villager (Male) |
| 31:33 | Create | Villager (Male) |
| 31:51 | Create | Arambai |
| 32:04 | Create | Arambai |
| 32:13 | Research | Ballistics |
Build order — NPG | DirTys
First 150 of 278 actions detected
| 0:32 | Build | Town Center |
| 1:48 | Build | House |
| 1:59 | Build | Palisade Wall |
| 2:04 | Build | Palisade Wall |
| 3:06 | Create | Villager (Male) |
| 3:06 | Create | Villager (Male) |
| 3:06 | Create | Villager (Male) |
| 3:07 | Create | Villager (Male) |
| 3:45 | Build | House |
| 5:15 | Create | Villager (Male) |
| 5:15 | Create | Villager (Male) |
| 5:15 | Create | Villager (Male) |
| 5:15 | Create | Villager (Male) |
| 5:15 | Create | Villager (Male) |
| 5:15 | Create | Villager (Male) |
| 5:15 | Create | Villager (Male) |
| 5:15 | Create | Villager (Male) |
| 5:15 | Create | Villager (Male) |
| 5:15 | Create | Villager (Male) |
| 5:15 | Create | Villager (Male) |
| 5:15 | Create | Villager (Male) |
| 5:15 | Create | Villager (Male) |
| 5:15 | Create | Villager (Male) |
| 5:15 | Create | Villager (Male) |
| 5:15 | Create | Villager (Male) |
| 5:15 | Create | Villager (Male) |
| 5:32 | Build | House |
| 5:46 | Create | Villager (Male) |
| 6:07 | Build | Settlement |
| 6:29 | Create | Villager (Male) |
| 6:41 | Create | Villager (Male) |
| 7:04 | Research | Loom |
| 7:43 | Create | Villager (Male) |
| 7:55 | Create | Villager (Male) |
| 8:52 | Build | Settlement |
| 8:52 | Create | Villager (Male) |
| 8:52 | Create | Villager (Male) |
| 8:52 | Create | Villager (Male) |
| 9:40 | Create | Villager (Male) |
| 10:00 | Build | Settlement |
| 10:06 | Create | Villager (Male) |
| 11:03 | Create | Villager (Male) |
| 11:04 | Create | Villager (Male) |
| 11:56 | Create | Villager (Male) |
| 12:25 | Build | Settlement |
| 12:26 | Create | Villager (Male) |
| 12:48 | Create | Villager (Male) |
| 13:27 | Create | Villager (Male) |
| 13:34 | Build | Settlement |
| 13:52 | Create | Villager (Male) |
| 15:23 | Build | Settlement |
| 15:24 | Create | Villager (Male) |
| 15:25 | Create | Villager (Male) |
| 16:06 | Build | Palisade Wall |
| 17:33 | Build | House |
| 17:40 | Build | Palisade Wall |
| 18:12 | Research | Feudal Age |
| 18:42 | Build | House |
| 20:22 | Age | Feudal Age |
| 20:28 | Build | Barracks |
| 20:34 | Create | Villager (Male) |
| 20:34 | Create | Villager (Male) |
| 20:34 | Create | Villager (Male) |
| 20:34 | Create | Villager (Male) |
| 20:57 | Build | Watch Tower |
| 21:05 | Create | Villager (Male) |
| 21:06 | Create | Villager (Male) |
| 21:53 | Create | Unit 2550 |
| 21:53 | Create | Unit 2550 |
| 21:53 | Create | Unit 2550 |
| 21:53 | Create | Unit 2550 |
| 23:31 | Create | Villager (Male) |
| 24:04 | Build | Watch Tower |
| 25:10 | Build | Blacksmith |
| 25:51 | Create | Villager (Male) |
| 25:51 | Create | Villager (Male) |
| 25:52 | Create | Villager (Male) |
| 26:20 | Build | Farm |
| 26:22 | Build | Farm |
| 26:26 | Build | Farm |
| 26:27 | Build | Farm |
| 27:29 | Build | Watch Tower |
| 27:29 | Create | Villager (Male) |
| 27:29 | Create | Villager (Male) |
| 27:47 | Research | Forging |
| 27:50 | Research | Fletching |
| 28:02 | Create | Villager (Male) |
| 28:03 | Create | Villager (Male) |
| 28:47 | Build | Settlement |
| 28:50 | Create | Villager (Male) |
| 29:32 | Create | Villager (Male) |
| 29:38 | Build | House |
| 29:40 | Build | House |
| 30:28 | Create | Villager (Male) |
| 30:28 | Create | Villager (Male) |
| 30:28 | Create | Villager (Male) |
| 30:28 | Create | Villager (Male) |
| 30:28 | Create | Villager (Male) |
| 30:28 | Create | Villager (Male) |
| 31:12 | Research | Double-Bit Axe |
| 31:50 | Build | Farm |
| 32:45 | Build | Farm |
| 32:45 | Build | Farm |
| 32:45 | Build | Farm |
| 32:46 | Build | Farm |
| 32:46 | Build | Farm |
| 32:46 | Build | Farm |
| 32:46 | Build | Farm |
| 32:56 | Build | Market |
| 33:32 | Create | Villager (Male) |
| 33:32 | Create | Villager (Male) |
| 33:32 | Create | Villager (Male) |
| 33:47 | Build | Farm |
| 33:47 | Build | Farm |
| 33:48 | Build | Farm |
| 33:48 | Build | Farm |
| 33:48 | Build | Farm |
| 34:19 | Research | Castle Age |
| 35:23 | Research | Tech 1402 |
| 35:28 | Build | Barracks |
| 35:32 | Build | Farm |
| 35:32 | Build | Farm |
| 35:32 | Build | Farm |
| 35:39 | Research | Forging |
| 35:44 | Create | Unit 2550 ×3 |
| 37:02 | Age | Castle Age |
| 37:04 | Create | Villager (Male) |
| 37:04 | Create | Villager (Male) |
| 37:05 | Create | Villager (Male) |
| 37:05 | Create | Villager (Male) |
| 37:41 | Build | Town Center |
| 37:42 | Create | Villager (Male) |
| 37:43 | Create | Villager (Male) |
| 37:46 | Create | Unit 2550 ×3 |
| 37:46 | Create | Unit 2550 ×3 |
| 38:00 | Research | Tech 1351 |
| 38:16 | Research | Horse Collar |
| 38:29 | Create | Unit 2550 ×2 |
| 38:42 | Create | Villager (Male) |
| 39:26 | Create | Villager (Male) |
| 39:26 | Create | Villager (Male) |
| 39:27 | Create | Villager (Male) |
| 40:20 | Create | Villager (Male) |
| 40:20 | Create | Villager (Male) |
| 40:46 | Build | Watch Tower |
| 40:55 | Build | Archery Range |
| 41:03 | Research | Padded Archer Armor |
| 41:24 | Create | Villager (Male) |
| 41:24 | Create | Villager (Male) |
| 41:24 | Create | Villager (Male) |
Build order — HR AboKeiTo
First 150 of 783 actions detected
| 0:25 | Build | Town Center |
| 1:13 | Build | House |
| 1:20 | Build | House |
| 1:22 | Build | House |
| 2:35 | Create | Villager (Male) ×4 |
| 3:27 | Create | Villager (Male) |
| 4:19 | Build | Lumber Camp |
| 4:31 | Create | Villager (Male) |
| 4:36 | Create | Villager (Male) |
| 5:02 | Create | Villager (Male) |
| 5:27 | Create | Villager (Male) |
| 5:55 | Create | Villager (Male) |
| 6:11 | Build | House |
| 6:13 | Create | Villager (Male) |
| 6:51 | Create | Villager (Male) |
| 7:01 | Build | Dock |
| 7:09 | Create | Villager (Male) |
| 7:24 | Create | Villager (Male) |
| 7:40 | Create | Fishing Ship |
| 8:21 | Create | Villager (Male) |
| 8:23 | Build | House |
| 8:26 | Create | Villager (Male) |
| 9:05 | Create | Fishing Ship |
| 9:05 | Create | Fishing Ship |
| 9:14 | Create | Villager (Male) |
| 9:36 | Build | House |
| 9:49 | Create | Villager (Male) |
| 9:58 | Create | Fishing Ship |
| 10:11 | Create | Villager (Male) |
| 10:35 | Create | Villager (Male) |
| 10:38 | Research | Loom |
| 10:49 | Build | Mill |
| 10:53 | Build | Mill |
| 11:00 | Research | Feudal Age |
| 11:52 | Build | House |
| 11:56 | Build | Palisade Wall |
| 11:58 | Build | Palisade Wall |
| 11:59 | Build | Palisade Wall |
| 13:14 | Age | Feudal Age |
| 13:41 | Create | Villager (Male) |
| 13:42 | Research | Double-Bit Axe |
| 13:46 | Create | Transport Ship |
| 13:49 | Research | Tech 906 |
| 13:49 | Create | Fishing Ship |
| 13:57 | Create | Villager (Male) |
| 14:08 | Create | Villager (Male) |
| 14:15 | Build | House |
| 14:16 | Build | Palisade Wall |
| 14:20 | Build | Palisade Gate |
| 14:21 | Build | Palisade Wall |
| 14:27 | Build | Dock |
| 14:34 | Create | Fishing Ship |
| 14:35 | Build | Fish Trap |
| 14:38 | Build | Fish Trap |
| 14:44 | Build | Fish Trap |
| 14:57 | Create | Villager (Male) |
| 14:59 | Create | Fishing Ship |
| 14:59 | Create | Fishing Ship |
| 15:00 | Create | Fishing Ship |
| 15:01 | Create | Villager (Male) |
| 15:01 | Create | Villager (Male) |
| 15:05 | Build | House |
| 15:06 | Build | Palisade Wall |
| 15:25 | Build | Mining Camp |
| 16:09 | Build | Blacksmith |
| 16:10 | Create | Villager (Male) |
| 16:19 | Build | Palisade Wall |
| 16:20 | Build | Palisade Wall |
| 16:21 | Build | Palisade Wall |
| 16:21 | Build | Palisade Wall |
| 16:24 | Build | Palisade Wall |
| 16:26 | Build | Palisade Wall |
| 16:28 | Build | Palisade Wall |
| 16:28 | Build | Palisade Wall |
| 16:29 | Build | Palisade Wall |
| 16:29 | Build | Palisade Wall |
| 16:34 | Create | Villager (Male) |
| 16:50 | Build | Market |
| 16:57 | Build | House |
| 17:00 | Build | Palisade Wall |
| 17:04 | Create | Villager (Male) |
| 17:15 | Create | Fishing Ship |
| 17:49 | Build | House |
| 17:54 | Research | Castle Age |
| 17:59 | Build | Lumber Camp |
| 18:00 | Create | Villager (Male) |
| 18:15 | Build | House |
| 18:22 | Build | House |
| 18:24 | Build | Palisade Wall |
| 18:30 | Build | Palisade Wall |
| 18:31 | Build | Palisade Wall |
| 18:31 | Build | Palisade Wall |
| 18:52 | Create | Villager (Male) |
| 18:55 | Build | Fish Trap |
| 18:58 | Build | Fish Trap |
| 19:06 | Create | Fishing Ship |
| 19:09 | Create | Fishing Ship |
| 20:02 | Create | Villager (Male) |
| 20:26 | Create | Villager (Male) |
| 20:33 | Age | Castle Age |
| 20:35 | Build | Town Center |
| 20:36 | Create | Villager (Male) |
| 20:38 | Build | Fish Trap |
| 20:45 | Build | Fish Trap |
| 20:53 | Build | Town Center |
| 20:57 | Research | Gillnets |
| 21:04 | Research | Bow Saw |
| 21:07 | Create | Villager (Male) |
| 21:08 | Create | Fishing Ship |
| 21:08 | Create | Fishing Ship |
| 21:09 | Create | Fishing Ship |
| 21:29 | Create | Villager (Male) |
| 21:31 | Build | Fish Trap |
| 21:35 | Create | Villager (Male) |
| 21:38 | Create | Villager (Male) |
| 21:44 | Build | Fish Trap |
| 22:12 | Create | Villager (Male) |
| 22:13 | Build | Fish Trap |
| 22:24 | Create | Villager (Male) |
| 22:25 | Create | Villager (Male) |
| 22:27 | Build | Town Center |
| 22:34 | Create | Fishing Ship |
| 22:35 | Create | Fishing Ship |
| 22:37 | Create | Villager (Male) |
| 22:46 | Create | Villager (Male) |
| 22:46 | Create | Villager (Male) |
| 22:47 | Create | Villager (Male) |
| 23:05 | Build | Dock |
| 23:13 | Build | Dock |
| 23:16 | Create | Villager (Male) |
| 23:24 | Create | Villager (Male) |
| 23:27 | Create | Fishing Ship |
| 23:30 | Build | Fish Trap |
| 23:35 | Build | Fish Trap |
| 23:44 | Create | Villager (Male) |
| 23:45 | Create | Villager (Male) |
| 23:56 | Create | Villager (Male) |
| 24:01 | Build | Mining Camp |
| 24:04 | Create | Villager (Male) |
| 24:06 | Create | Fishing Ship |
| 24:06 | Create | Fishing Ship |
| 24:08 | Create | Fishing Ship |
| 24:08 | Create | Fishing Ship |
| 24:20 | Create | Villager (Male) |
| 24:22 | Research | Fletching |
| 24:23 | Research | Wheelbarrow |
| 24:24 | Create | Villager (Male) |
| 24:29 | Create | Villager (Male) |
| 24:29 | Create | Villager (Male) |
| 24:32 | Build | House |
Match timeline
| 1:59 | NPG | DirTys · wall_segment Palisade Wall x1 |
| 2:04 | NPG | DirTys · wall_segment Palisade Wall x1 |
| 7:01 | HR AboKeiTo · first_building Dock |
| 9:11 | NPG | Bandio · first_building Barracks |
| 10:44 | MAPU | 只有TG · wall_segment Palisade Wall x1 |
| 10:50 | NPG | Bandio · wall_segment Palisade Wall x1 |
| 11:08 | MAPU | 只有TG · first_building Barracks |
| 11:21 | NPG | Kraxher · first_building Barracks |
| 11:40 | NPG | Bandio · wall_segment Palisade Wall x5 |
| 11:43 | HR Fast_PIG · age_up feudal |
| 11:43 | NPG | Bandio · wall_segment Palisade Wall x4 |
| 11:56 | HR AboKeiTo · wall_segment Palisade Wall x5 |
| 11:58 | HR AboKeiTo · wall_segment Palisade Wall x1 |
| 11:58 | NPG | Bandio · age_up feudal |
| 11:59 | HR AboKeiTo · wall_segment Palisade Wall x4 |
| 12:00 | HR Fast_PIG · first_building Barracks |
| 12:04 | MAPU | 只有TG · age_up feudal |
| 12:14 | MAPU | 只有TG · first_building Stable |
| 12:17 | NPG | Bandio · first_building Archery Range |
| 12:18 | HR Fast_PIG · wall_segment Palisade Wall x9 |
| 12:19 | NPG | Joako · wall_segment Palisade Wall x8 |
| 12:26 | HR Fast_PIG · wall_segment Palisade Wall x14 |
| 12:36 | NPG | Kraxher · age_up feudal |
| 12:50 | HR Fast_PIG · wall_segment Palisade Wall x3 |
| 12:54 | HR Fast_PIG · wall_segment Palisade Wall x1 |
| 13:14 | HR AboKeiTo · age_up feudal |
| 13:34 | NPG | Joako · age_up feudal |
| 14:07 | Que Me Importa Mi Equipo · age_up feudal |
| 14:16 | HR AboKeiTo · wall_segment Palisade Wall x3 |
| 14:17 | MAPU | 只有TG · wall_segment Palisade Wall x1 |
| 14:18 | MAPU | 只有TG · wall_segment Palisade Wall x1 |
| 14:21 | HR AboKeiTo · wall_segment Palisade Wall x4 |
| 14:29 | MAPU | 只有TG · wall_segment Palisade Wall x1 |
| 14:48 | NPG | Joako · wall_segment Palisade Wall x1 |
| 14:55 | NPG | Joako · first_market_sell 100 stone |
| 15:06 | HR AboKeiTo · wall_segment Palisade Wall x1 |
| 15:48 | Que Me Importa Mi Equipo · wall_segment Palisade Wall x3 |
| 16:06 | NPG | DirTys · wall_segment Palisade Wall x1 |
| 16:19 | HR AboKeiTo · wall_segment Palisade Wall x1 |
| 16:20 | HR AboKeiTo · wall_segment Palisade Wall x1 |
| 16:21 | HR AboKeiTo · wall_segment Palisade Wall x1 |
| 16:21 | HR AboKeiTo · wall_segment Palisade Wall x1 |
| 16:24 | HR AboKeiTo · wall_segment Palisade Wall x1 |
| 16:26 | NPG | Kraxher · first_building Stable |
| 16:26 | HR AboKeiTo · wall_segment Palisade Wall x1 |
| 16:28 | HR AboKeiTo · wall_segment Palisade Wall x1 |
| 16:28 | HR AboKeiTo · wall_segment Palisade Wall x1 |
| 16:29 | HR AboKeiTo · wall_segment Palisade Wall x1 |
| 16:29 | HR AboKeiTo · wall_segment Palisade Wall x1 |
| 16:53 | Que Me Importa Mi Equipo · wall_segment Palisade Wall x6 |
| 17:00 | HR AboKeiTo · wall_segment Palisade Wall x1 |
| 17:35 | NPG | Joako · age_up castle |
| 17:37 | NPG | Joako · first_market_buy 100 stone |
| 17:40 | NPG | DirTys · wall_segment Palisade Wall x1 |
| 17:40 | HR AboKeiTo · first_market_buy 100 food |
| 17:40 | HR AboKeiTo · first_market_sell 100 wood |
| 17:56 | HR Fast_PIG · first_building Archery Range |
| 17:57 | NPG | Joako · first_building Castle |
| 18:06 | MAPU | 只有TG · wall_segment Palisade Wall x4 |
| 18:24 | HR AboKeiTo · wall_segment Palisade Wall x4 |
| 18:27 | Que Me Importa Mi Equipo · age_up castle |
| 18:30 | HR AboKeiTo · wall_segment Palisade Wall x4 |
| 18:30 | Que Me Importa Mi Equipo · first_building Castle |
| 18:31 | HR AboKeiTo · wall_segment Palisade Wall x1 |
| 18:31 | HR AboKeiTo · wall_segment Palisade Wall x1 |
| 19:20 | HR Fast_PIG · first_market_buy 100 food |
| 19:22 | HR Fast_PIG · first_market_sell 500 wood |
| 19:44 | MAPU | 只有TG · wall_segment Palisade Wall x6 |
| 19:59 | MAPU | 只有TG · wall_segment Stone Wall x1 |
| 19:59 | MAPU | 只有TG · wall_segment Stone Wall x1 |
| 20:02 | MAPU | 只有TG · wall_segment Stone Wall x1 |
| 20:05 | MAPU | 只有TG · wall_segment Stone Wall x1 |
| 20:22 | NPG | DirTys · age_up feudal |
| 20:28 | NPG | DirTys · first_building Barracks |
| 20:33 | HR AboKeiTo · age_up castle |
| 20:58 | NPG | Kraxher · age_up castle |
| 21:04 | NPG | Kraxher · first_building Siege Workshop |
| 21:17 | MAPU | 只有TG · wall_segment Palisade Wall x5 |
| 22:07 | MAPU | 只有TG · first_market_sell 500 wood |
| 22:42 | HR Fast_PIG · age_up castle |
| 22:43 | NPG | Kraxher · first_market_buy 100 stone |
| 23:34 | HR Fast_PIG · first_building Monastery |
| 23:46 | MAPU | 只有TG · wall_segment Stone Wall x4 |
| 23:50 | MAPU | 只有TG · wall_segment Stone Wall x2 |
| 24:05 | MAPU | 只有TG · wall_segment Stone Wall x1 |
| 24:06 | MAPU | 只有TG · wall_segment Stone Wall x1 |
| 24:48 | MAPU | 只有TG · age_up castle |
| 25:21 | NPG | Bandio · age_up castle |
| 25:23 | Que Me Importa Mi Equipo · first_building Monastery |
| 25:25 | MAPU | 只有TG · first_building Castle |
| 25:29 | HR AboKeiTo · first_building Monastery |
| 25:37 | NPG | Bandio · first_building Siege Workshop |
| 26:25 | HR AboKeiTo · first_building Krepost |
| 27:04 | HR AboKeiTo · wall_segment Palisade Wall x1 |
| 27:41 | HR Fast_PIG · wall_segment Stone Wall x5 |
| 27:44 | NPG | Joako · first_building Barracks |
| 27:46 | HR Fast_PIG · wall_segment Stone Wall x5 |
| 27:51 | HR Fast_PIG · wall_segment Stone Wall x3 |
| 27:53 | HR Fast_PIG · wall_segment Stone Wall x2 |
| 28:08 | HR Fast_PIG · wall_segment Stone Wall x1 |
| 28:54 | HR Fast_PIG · first_building Siege Workshop |
| 28:56 | NPG | Kraxher · first_building Castle |
| 28:57 | HR AboKeiTo · wall_segment Stone Wall x1 |
| 29:00 | HR AboKeiTo · wall_segment Stone Wall x1 |
| 29:07 | Que Me Importa Mi Equipo · first_building Barracks |
| 29:47 | HR AboKeiTo · wall_segment Stone Wall x1 |
| 30:06 | NPG | Kraxher · first_market_sell 100 wood |
| 30:17 | HR Fast_PIG · first_building Castle |
| 30:19 | Que Me Importa Mi Equipo · first_building Stable |
| 32:10 | MAPU | 只有TG · first_market_buy 100 wood |
| 32:39 | HR AboKeiTo · first_building Barracks |
| 33:09 | HR AboKeiTo · first_building Castle |
| 33:55 | HR AboKeiTo · first_building Stable |
| 34:10 | NPG | DirTys · first_market_buy 100 food |
| 34:19 | HR Fast_PIG · wall_segment Stone Wall x1 |
| 34:21 | HR Fast_PIG · wall_segment Stone Wall x1 |
| 34:28 | HR AboKeiTo · age_up imperial |
| 34:37 | NPG | Bandio · first_building Monastery |
| 37:02 | NPG | DirTys · age_up castle |
| 37:45 | NPG | Joako · age_up imperial |
| 38:47 | NPG | Bandio · first_building Castle |
| 38:55 | Que Me Importa Mi Equipo · first_market_buy 100 stone |
| 39:27 | NPG | Bandio · first_market_sell 100 food |
| 39:32 | NPG | Bandio · age_up imperial |
| 40:55 | NPG | DirTys · first_building Archery Range |
| 41:26 | Que Me Importa Mi Equipo · age_up imperial |
| 41:55 | HR AboKeiTo · first_building Siege Workshop |
| 42:05 | HR Fast_PIG · wall_segment Stone Wall x18 |
| 43:12 | HR Fast_PIG · wall_segment Stone Wall x6 |
| 43:15 | HR Fast_PIG · wall_segment Stone Wall x2 |
| 43:16 | HR Fast_PIG · wall_segment Stone Wall x2 |
| 43:21 | Que Me Importa Mi Equipo · wall_segment Palisade Wall x1 |
| 43:52 | NPG | DirTys · first_building Castle |
| 44:50 | Que Me Importa Mi Equipo · wall_segment Palisade Wall x1 |
| 46:01 | HR AboKeiTo · wall_segment Stone Wall x1 |
| 46:09 | HR AboKeiTo · wall_segment Stone Wall x1 |
| 46:33 | NPG | DirTys · first_market_sell 100 wood |
| 48:15 | HR Fast_PIG · age_up imperial |
| 51:39 | HR Fast_PIG · first_building Stable |
| 52:27 | NPG | DirTys · first_building Siege Workshop |
| 52:32 | NPG | Bandio · first_building Stable |
| 53:17 | HR Fast_PIG · wall_segment Stone Wall x4 |
| 55:30 | NPG | Bandio · wall_segment Palisade Wall x1 |
| 55:37 | NPG | Joako · tribute_sent a jugador 1 |
| 55:37 | NPG | Joako · tribute_sent a jugador 2 |
| 55:37 | NPG | Joako · tribute_sent a jugador 3 |
| 55:37 | NPG | Joako · tribute_sent a jugador 5 |
| 55:37 | NPG | Joako · tribute_sent a jugador 6 |
| 55:37 | NPG | Joako · tribute_sent a jugador 7 |
| 55:37 | NPG | Joako · tribute_sent a jugador 8 |
| 57:36 | NPG | DirTys · first_building Monastery |
| 59:51 | NPG | Joako · first_building Siege Workshop |
| 60:09 | NPG | Bandio · tribute_sent a jugador 1 |
| 60:09 | NPG | Bandio · tribute_sent a jugador 3 |
| 60:09 | NPG | Bandio · tribute_sent a jugador 4 |
| 60:09 | NPG | Bandio · tribute_sent a jugador 5 |
| 60:09 | NPG | Bandio · tribute_sent a jugador 6 |
| 60:09 | NPG | Bandio · tribute_sent a jugador 7 |
| 60:09 | NPG | Bandio · tribute_sent a jugador 8 |
| 60:26 | HR Fast_PIG · wall_segment Stone Wall x5 |
| 62:17 | HR AboKeiTo · resign |
[ AI ANALYSIS · 1 CREDIT ]
What really happened in this match?
Wolo.gg analyzes every decision: build order, eco, micro, common mistakes by bracket. Personalized analysis on WhatsApp or Discord in 30 seconds.
Civ guide
Dravidians
Perfil
Jugador #3475794